AoeStats
← Michi3052

Golden Pit

507312270Analyzed
1v1 RM · 15d ago on Sep 17, 2026· 28m 22s· 2 players
Game mode
Random Map
Map size
Tiny (2 player)
Population
200
Speed
Normal
Resources
Standard
Victory
Conquest
Starting age
Dark Age
Ending age
Imperial Age
RankedLock teamsTeams togetherTeam positionsShared explorationLock speedFull tech treeHidden civsTurbo modeCheats
Victory
Defeat
🇪🇸 Aztecs · Spain
711
+17
🇵🇱 Vikings · Poland
722
-17
Michi3052
8:49 Loom
11:29 Feudal Age
11:36 Man-at-Arms
15:39 Horse Collar
15:49 Double-Bit Axe
25:31 Castle Age
25:18 Arson
25:42 Stone Mining
26:39 Long Swordsman
26:43 Elite Skirmisher
pablokorycki
10:51 Feudal Age
9:09 Loom
11:29 Double-Bit Axe
26:11 Castle Age
Connection lost

Rejoining the realm…

Still unreachable

The connection could not be restored.

Session expired

The server has moved on; the page needs a fresh start.